 Dungeon Crawl Stone Soup version 0.30-a0-575-g6f4a10e2d2 (webtiles) character file.

Game seed: 14735022241655475188

2247 M4edhros the Sneak (level 9, -4/60 HPs)
             Began as an Octopode Artificer on Dec 30, 2022.
             Slain by a wolf (7 damage)
             ... in a bailey.
             The game lasted 00:08:33 (2729 turns).

M4edhros the Sneak (Octopode Artificer)             Turns: 2729, Time: 00:08:34

Health: -4/60      AC:  8    Str: 12    XL:     9   Next: 37%
Magic:  18/18      EV: 15    Int: 13    God:
Gold:   234        SH:  0    Dex: 16    Spells: 8/8 levels left

rFire   . . .      SeeInvis .    h - +1 dagger (protect)
rCold   . . .      Faith    .    (no shield)
rNeg    . . .      Spirit   .    (helmet restricted)
rPois   .          Reflect  .    (no amulet)
rElec   .          Harm     .    a - ring of magical power
rCorr   .          Rampage  .    k - ring of flight
Will    .....                    (no ring)
Stlth   +++++                    (no ring)
HPRegen 0.30/turn                (no ring)
MPRegen 0.16/turn                (no ring)
                                 (no ring)
                                 (no ring)

@: weakened, under a protective aura, flying
A: almost no armour, amphibious, 8 rings, camouflage 1, gelatinous body 1,
(nimble swimmer 1), tentacles
a: no special abilities


You were in a bailey.
You visited 1 branch of the dungeon, and saw 7 of its levels.
You also visited: Bailey.

You collected 234 gold pieces.

Inventory:

Hand Weapons
 h - a +1 dagger of protection (weapon)
Missiles
 d - a curare-tipped dart
 e - 21 poisoned darts
 r - 5 throwing nets (quivered)
Jewellery
 a - a ring of magical power (left tentacle)
 k - a ring of flight (right tentacle)
Scrolls
 f - 2 scrolls of enchant weapon {unknown}
 g - 2 scrolls of teleportation {unknown}
 i - 2 scrolls of blinking {unknown}
 j - a scroll of enchant armour {unknown}
 n - a scroll of acquirement {unknown}
 o - 2 scrolls of identify {unknown}
Potions
 p - a potion of cancellation {unknown}
 q - a potion of lignification {unknown}
 s - a potion of resistance {unknown}


   Skills:
 + Level 4.9 Fighting
 + Level 5.4 Dodging
 + Level 7.2 Stealth
 * Level 6.9 Unarmed Combat
 + Level 6.3 Evocations


You had 8 spell levels left.
You didn't know any spells.
Your spell library contained the following spells:

 Spells                   Type           Power      Damage    Failure   Level
 Sandblast                Erth           0%         2d4       30%         1
 Passwall                 Tmut/Erth      0%         N/A       43%         2
 Stone Arrow              Conj/Erth      0%         3d7       67%         3


Dungeon Overview and Level Annotations

Branches:
Dungeon (7/15)             Bailey (1/1)
 Temple: D:4-7

Altars:


Innate Abilities, Weirdness & Mutations

You cannot wear most types of armour.
You are amphibious.
You can wear up to eight rings at the same time.
Your skin changes colour to match your surroundings (Stealth+).
Your rubbery body absorbs attacks. (AC +1, EV +1)
((You are camouflaged when in or above water. (Stealth+)))
You have tentacles for arms and can constrict up to eight enemies at once.


Message History

The gnoll bouda barely misses you.
You hit the gnoll bouda. You squeeze the gnoll bouda.
You kill the gnoll bouda!
The gnoll sergeant misses you.
A wolf comes into view.
The wolf howls!
You hit the wolf but do no damage. You grab the wolf. You constrict the wolf.
The wolf bites you. The gnoll sergeant misses you.
You hit the wolf but do no damage. Your squeeze misses the wolf.
The wolf is lightly wounded.
You constrict the wolf. The wolf closely misses you. The wolf misses you.
The gnoll sergeant hits you from afar with a +0 halberd!
You are too injured to fight recklessly!
You hit the wolf.
The wolf is moderately wounded.
You constrict the wolf. The wolf bites you. The wolf completely misses you.
The gnoll sergeant hits you from afar with a +0 halberd!
* * * LOW HITPOINT WARNING * * *
You feel better.
You constrict the wolf. The wolf misses you.
The gnoll sergeant hits you from afar with a +0 halberd!
* * * LOW HITPOINT WARNING * * *
You release your grip on the wolf.
The wolf attacks as you move away! The wolf bites you.
* * * LOW HITPOINT WARNING * * *
A gnoll comes into view. It is wielding a +0 spear.
The wolf barely misses you.
Okay, then.
Okay, then.
Okay, then.
Aiming: Quicksilver Bolt
Press: ? - help, Shift-Dir - straight line, f - wolf
Aim: a wolf (heavily wounded, 57% to hit)
The bolt of dispelling energy misses the wolf.
The bolt of dispelling energy hits the gnoll sergeant!!
The gnoll sergeant is severely wounded.
The gnoll sergeant's magical effects unravel!
The bolt of dispelling energy hits the gnoll!!
You kill the gnoll!
The now-empty wand crumbles to dust.
The wolf bites you!
You die...

##.....##...#≈♣
#.......#...#≈♣ ###
#...8...#...#≈♣
#g..#.......#.).#≈♣
#..g##.....##÷..#≈♣
♣≈#....##...##....#≈♣
♣≈#8....##'##)...8#≈♣
♣≈#.....#...#.....#≈♣
♣≈##...)gh@.)....##≈♣
♣≈.##...#..)#...##)≈♣
♣≈..#####..)#####..≈♣
♣≈..........)..))..≈♣
♣≈≈.............).≈≈♣
♣♣≈≈≈≈≈≈≈≈≈≈≈≈≈≈≈≈≈♣♣
♣♣♣♣♣♣♣♣♣♣♣♣♣♣♣♣♣♣♣


You could see a gnoll sergeant and a wolf.

Vanquished Creatures
  A water moccasin (D:6)
  A black bear (D:7)
  A sky beast (D:7)
  An ogre (D:5)
  2 phantoms
  4 gnoll sergeants
  A necrophage (D:6)
  A kobold brigand (D:7)
  2 scorpions (D:6)
  A howler monkey (D:6)
  3 orc priests (D:5)
  4 hounds
  4 gnoll boudas
  An iguana (D:5)
  3 orc wizards
  5 adders
  23 gnolls
  3 white imps
  An ufetubus (D:4)
  12 orcs
  4 endoplasms
  A giant cockroach (D:2)
  7 goblins
  2 hobgoblins
  4 jackals (D:4)
  3 quokkas
  3 ball pythons
  3 bats
  A frilled lizard (D:3)
  6 kobolds
  2 rats (D:2)
110 creatures vanquished.

Vanquished Creatures (collateral kills)
  A water moccasin (D:5)
  2 black bears (D:5)
  A wolf (Bailey)
  A kobold brigand (D:7)
  2 gnoll boudas (Bailey)
  A gnoll (D:5)
  A dart slug (D:5)
  2 orcs (D:5)
  A quokka (D:5)
  5 kobolds (D:7)
17 creatures vanquished.

Vanquished Creatures (others)
  A wolf (Bailey)
  A gnoll sergeant (Bailey)
  2 jellies
  An orc wizard (D:5)
  A gnoll (Bailey)
  An adder (D:5)
  An ufetubus (D:7)
  An orc (D:5)
9 creatures vanquished.

Grand Total: 136 creatures vanquished

Notes
Turn   | Place    | Note
-------+----------+-------------------------------------------
     0 | D:1      | M4edhros the Octopode Artificer began the quest for the
                  | Orb.
     0 | D:1      | Reached XP level 1. HP: 13/13 MP: 1/1
    95 | D:2      | Reached XP level 2. HP: 18/18 MP: 2/2
   349 | D:2      | Reached skill level 1 in Unarmed Combat
   592 | D:2      | Reached skill level 2 in Stealth
   772 | D:3      | Reached XP level 3. HP: 23/23 MP: 3/3
  1124 | D:4      | Noticed a black bear
  1137 | D:4      | Noticed a scorpion
  1162 | D:5      | Entered Level 5 of the Dungeon
  1164 | D:5      | Reached skill level 3 in Stealth
  1164 | D:5      | Reached XP level 4. HP: 29/29 MP: 4/4
  1164 | D:5      | Reached XP level 5. HP: 34/34 MP: 5/5
  1177 | D:5      | Reached XP level 6. HP: 39/40 MP: 6/6
  1195 | D:5      | Noticed a water moccasin
  1202 | D:5      | Noticed a black bear
  1206 | D:5      | Killed a water moccasin
  1207 | D:5      | Reached skill level 4 in Stealth
  1209 | D:5      | Noticed a black bear
  1210 | D:5      | Killed a black bear
  1211 | D:5      | Reached XP level 7. HP: 35/45 MP: 7/7
  1228 | D:5      | Reached skill level 5 in Stealth
  1366 | D:6      | Reached skill level 5 in Evocations
  1563 | D:6      | Reached XP level 8. HP: 52/52 MP: 8/8
  1570 | D:6      | Reached skill level 5 in Unarmed Combat
  1814 | D:7      | Reached skill level 6 in Stealth
  1934 | D:7      | HP: 1/54 [gnoll sergeant/+4 heavy trident (17)]
  1937 | D:7      | Reached skill level 5 in Dodging
  1937 | D:7      | Reached XP level 9. HP: 7/59 MP: 9/9
  2201 | D:7      | Found a flagged portal.
  2210 | Bailey   | Entered a bailey
  2323 | Bailey   | Reached skill level 7 in Stealth
  2430 | Bailey   | Identified the +1 robe of the Charmed God {rElec}
  2728 | Bailey   | HP: 3/60 [wolf (2)]
  2729 | Bailey   | Slain by a wolf

Illustrated notes

Levels and vault maps discovered:
D:1:      dpeg_arrival_erosion, layout_rooms,
          shapermc_ecumenical_altar_flowoftime, minmay_close_crescents
D:2:      layout_loops_corners
D:3:      minmay_angry_zag, layout_basic, chequers_temple_overflow_minitemple,
          solitary_fountain, uniq_jessica
D:4:      layout_basic, minmay_bent, uniq_sigmund
D:5:      layout_cave_pools, chequers_serial_rivers_small_b
D:6:      layout_rooms, st_stairs_5
D:7:      layout_rooms, kennysheep_mini, nicolae_uskayaw_dance_hall,
          minmay_temple_entry_fiery, enter_bailey_5, grunt_decor_arrowhead
Bailey:   bailey_polearm_gnolls_kennysheep, bailey

Skill      XL: |  1  2  3  4  5  6  7  8  9 |
---------------+----------------------------+-----
Unarmed Combat | 1 2 3 4 6 |  6.9
Stealth        | 2 3 4 5 6 7 |  7.2
Fighting       | 2 3 4 |  4.9
Dodging        | 3 4 5 |  5.4
Evocations     | 4 5 6 |  6.3

Action                   |  1- 3 |  4- 6 |  7- 9 || total
-------------------------+-------+-------+-------++-------
Melee: Unarmed           |    44 |       |       ||    44
       Constrict         |    17 |     9 |    40 ||    66
       Tentacles         |    10 |     9 |    59 ||    78
       Punch             |     1 |     1 |    13 ||    15
       Dagger            |    31 |    22 |   195 ||   248
Throw: Dart              |       |       |    25 ||    25
       Throwing net      |       |       |     1 ||     1
Evoke: Wand              |     3 |    10 |    26 ||    39
  Use: Potion            |       |       |     4 ||     4
 Stab: Sleeping          |    12 |       |     4 ||    16
       Held in net/web   |       |       |     1 ||     1
Armor: Skin              |     9 |     6 |    71 ||    86
Dodge: Dodged            |    43 |    24 |   223 ||   290

Table legend: (Time is in decaauts)
 A = Elapsed time spent in this place.
 B = Non-inter-level travel time spent in this place.
 C = Inter-level travel time spent in this place.
 D = Time resting spent in this place.
 E = Time spent auto-exploring this place.
 F = Levels seen in this place.
 G = Mean time per level.
                   A        B        C        D        E       F      G
               +--------+--------+--------+--------+--------+-----+--------+
         Total |   2732 |   2661 |     71 |    184 |   1477 |   8 |  341.5 |
       Dungeon |   2213 |   2142 |     71 |    184 |   1288 |   7 |  316.1 |
        Bailey |    518 |    518 |      0 |      0 |    189 |   1 |  518.0 |
               +--------+--------+--------+--------+--------+-----+--------+

Top non-repeatable levels by time:
     D:2: 635 daAuts
     D:6: 632 daAuts
  Bailey: 518 daAuts
     D:4: 290 daAuts
     D:7: 237 daAuts
     D:5: 184 daAuts
     D:3: 146 daAuts
     D:1: 87 daAuts
